 Dungeon Crawl Stone Soup version 0.28.0-49-g6dfe1f597d (console) character file.

Game seed: 13421893904826937914

149 Faeu the Skirmisher (level 5, 0/47 HPs)
             Began as a Minotaur Berserker on May 16, 2022.
             Was a Believer of Trog.
             Slain by a rat (1 damage)
             ... on level 2 of the Dungeon.
             The game lasted 00:01:51 (1823 turns).

Faeu the Skirmisher (Minotaur Berserker)            Turns: 1823, Time: 00:01:51

Health: 0/47       AC:  2    Str: 23    XL:     5   Next: 9%
Magic:  4/4        EV: 12    Int:  4    God:    Trog [**....]
Gold:   108        SH:  0    Dex: 10    Spells: 4/4 levels left

rFire   . . .      SeeInvis .   a - +0 hand axe {axe}
rCold   . . .      Faith    .   (no shield)
rNeg    . . .      Spirit   .   b - +0 animal skin
rPois   .          Reflect  .   (helmet restricted)
rElec   .          Harm     .   (no cloak)
rCorr   .          Rampage  .   (no gloves)
Will    .....                   (no boots)
Stlth   +.........              (no amulet)
HPRegen 0.15/turn               (no ring)
MPRegen 0.09/turn               (no ring)

@: on berserk cooldown, slowed, very slow
A: horns 2, retaliatory headbutt
a: Renounce Religion, Berserk, Trog's Hand


You were on level 2 of the Dungeon.
You worshipped Trog.
Trog was pleased with you.
You visited 1 branch of the dungeon, and saw 2 of its levels.

You collected 108 gold pieces.


Innate Abilities, Weirdness & Mutations

You have a pair of horns on your head.
You reflexively headbutt those who attack you in melee.


   Skills:
 + Level 4.7 Fighting
 + Level 4.7 Axes
 + Level 3.8 Armour
 + Level 3.4 Dodging


You had 4 spell levels left.
You didn't know any spells.
Your spell library was empty.

Inventory:

Hand Weapons
 a - a +0 hand axe (weapon) {axe}
 f - a +1 dagger of speed {short}
   (You took it off a goblin on level 1 of the Dungeon)
 h - a +0 dagger of speed {short}
   (You took it off a goblin on level 2 of the Dungeon)
Armour
 b - a +0 animal skin (worn)
Scrolls
 c - a scroll of teleportation {unknown}
 d - 3 scrolls of identify {unknown}
 g - a scroll of holy word {unknown}
Potions
 e - a potion of lignification {unknown}

Dungeon Overview and Level Annotations

Branches:
Dungeon (2/15)

Altars:

Annotations:
D:2 Robin

#......... #
#....#..#. #.
####.#.#..#.
#.####...........
#.
#.............###
#.. ###.#####)#K###
... #.# #.#g######.
_. #.# #..........
. #.# ###.######
#.# #r# #.# #@# #.#
#.# ### #.# #.# #.#
#.# #.# #.# #.# #.#
#.# #.#######.# #.#
#.#######......##.#
#.#
#.........####.##.#
#.### #########.#
#.##.####.#.. #.#
#............ #.#
####......... #.#
#.####.###


You could see Robin, a kobold and a rat.


Message History

You regained 6 hp, and now have 42/70 hp.
Your mp is fully restored (4).
You closely miss the goblin. You headbutt the goblin.
You kill the goblin!
Trog accepts your kill.
You slash the hobgoblin!
You kill the hobgoblin!
Trog accepts your kill.
You slash the rat!
You kill the rat!
Trog accepts your kill.
You slash the ball python!
You kill the ball python!
Trog accepts your kill.
You hit the kobold.
You kill the kobold!
Trog accepts your kill.
You slash the hobgoblin!
You kill the hobgoblin!
Trog accepts your kill.
You barely miss the goblin. You hit the goblin.
You kill the goblin!
Trog accepts your kill.
A goblin comes into view. It is wielding a +0 club. 😮 HP[+1]
You closely miss the goblin. You barely miss the goblin.
Robin and a rat come into view.
Robin is wielding a +0 club and carrying a wand of flame (12).
Robin shouts!
The goblin closely misses you.
Items here: )) ††.
You slash the goblin!
You kill the goblin!
Trog accepts your kill.
You closely miss the goblin. The goblin hits you but does no damage.
A goblin comes into view. It is wielding a +0 dagger.
You hit the goblin.
You kill the goblin!
Trog accepts your kill.
Robin zaps a wand.
The puff of flame hits you!
* * * LOW HITPOINT WARNING * * *
A kobold comes into view. It is wielding a +0 short sword.
A goblin comes into view. It is wielding a +0 dagger. 😨 HP[-13]
You take 13 damage, and now have 30/70 hp.
You see here the felid corpse of Natasha.
You feel a strong urge to attack something. 😨 HP[+1]
You are no longer berserk.
You are exhausted.
You feel yourself slow down. 😨 HP[-10]
You now have 47 max hp (-23).
Robin throws the goblin at you!
* * * LOW HITPOINT WARNING * * *
😨 HP[-3]
You take 3 damage, and now have 18/47 hp.
You hit the goblin.
You kill the goblin!
Trog accepts your kill.
Robin roars a battlecry!
You see here a +0 dagger {short}. 😨 HP[+1]
You aren't carrying any items that you can evoke.
Unknown command.
The rat closely misses you. You furiously retaliate!
You headbutt the rat, but do no damage. 😨 HP[+1] Robin throws the goblin at you!
You barely miss the goblin. Your headbutt misses the goblin.
You punch the goblin.
You kill the goblin!
Trog accepts your kill.
You barely miss the rat. The rat bites you but does no damage.
The rat barely misses you. The kobold barely misses you.
Things that are here:
a +0 dagger {short}; a +0 hunting sling {sling}; 13 stones {throwing} The rat bites you.
* * * LOW HITPOINT WARNING * * *
😨 HP[-1]
You take 1 damage, and now have 19/47 hp. 😨 HP[+1] Robin zaps a wand.
The puff of flame hits you!
* * * LOW HITPOINT WARNING * * *
The rat misses you. 😱 HP[-10]
You take 10 damage, and now have 10/47 hp.
MASSIVE DAMAGE!! (PAUSE) Robin zaps a wand.
The puff of flame hits you!
* * * LOW HITPOINT WARNING * * *
😱 HP[-9]
You take 9 damage, and now have 1/47 hp.
The rat bites you.
You die...

Skill      XL: |  1  2  3 |
---------------+----------+-----
Fighting       | 4 |  4.7
Axes           | 4 |  4.7
Armour         | 3 |  3.8
Dodging        | 3 |  3.4

Action                   |  1- 3 |  4- 6 || total
-------------------------+-------+-------++-------
Melee: Hand axe          |    80 |    31 ||   111
       Headbutt          |    10 |     3 ||    13
       Punch             |     1 |     2 ||     3
Invok: Berserk           |       |     1 ||     1
 Stab: Sleeping          |     1 |       ||     1
Armor: Animal skin       |    21 |     2 ||    23
Dodge: Dodged            |    43 |    22 ||    65

Levels and vault maps discovered:
D:1:      lordsloth_arrival_two_stooges, layout_basic
D:2:      layout_loops_ring, nicolae_ecumenical_snake_handling, uniq_robin,
          uniq_natasha

Notes
Turn   | Place    | Note
-------+----------+-------------------------------------------
     0 | D:1      | Faeu the Minotaur Berserker began the quest for the Orb.
     0 | D:1      | Reached XP level 1. HP: 19/19 MP: 0/0
     0 | D:1      | magus.rc [v1.9.6]
   202 | D:1      | Reached XP level 2. HP: 23/27 MP: 1/1
   453 | D:1      | Reached skill level 4 in Fighting
   566 | D:1      | Reached skill level 4 in Axes
   674 | D:1      | Reached skill level 3 in Armour
   724 | D:1      | Reached ** piety under Trog
   767 | D:1      | Reached XP level 3. HP: 31/33 MP: 2/2
  1320 | D:2      | Found a faded altar of an unknown god.
  1327 | D:2      | Reached skill level 3 in Dodging
  1331 | D:2      | Reached XP level 4. HP: 19/40 MP: 3/3
  1517 | D:2      | Noticed Natasha
  1524 | D:2      | Killed Natasha
  1783 | D:2      | Noticed Natasha
  1791 | D:2      | Killed Natasha
  1795 | D:2      | Reached XP level 5. HP: 42/47 MP: 4/4
  1801 | D:2      | Noticed Robin
  1821 | D:2      | HP: 10/47 [Robin/puff of flame (10)]
  1822 | D:2      | HP: 1/47 [Robin/puff of flame (9)]
  1823 | D:2      | Slain by a rat

Vanquished Creatures
  Natasha (twice) (D:2)
  3 adders (D:2)
  A worm (D:2)
  2 bats
  6 endoplasms
  4 giant cockroaches
  13 goblins
  7 hobgoblins
  A quokka (D:1)
  9 ball pythons
  5 frilled lizards (D:1)
  6 kobolds
  7 rats
66 creatures vanquished.

Table legend:
 A = Non-vault XP
 B = Vault XP
 C = Vault XP percentage of total XP
 D = Non-vault monster count
 E = Vault monster count
 F = Vault count percentage of total count
                 A         B        C        D         E       F
            +---------+---------+-------+---------+---------+-------
      Total |     143 |      70 |  32.9 |      53 |      13 |  19.7
            +---------+---------+-------+---------+---------+-------
        D:1 |      46 |       0 |   0.0 |      28 |       0 |   0.0
        D:2 |      97 |      70 |  41.9 |      25 |      13 |  34.2
            +---------+---------+-------+---------+---------+-------

Illustrated notes

Table legend:
 A = Kills in this place as a percentage of kills in entire the game.
 B = Kills by you in this place as a percentage of kills by you in the entire game.
 C = Kills by friends in this place as a percentage of kills by friends in the entire game.
 D = Other kills in this place as a percentage of other kills in the entire game.
 E = Experience gained in this place as a percentage of experience gained in the entire game.
 F = Experience gained in this place divided by the number of levels of this place that you have seen.
                   A       B       C       D       E      F
               +-------+-------+-------+-------+-------+----------------------
         Total | 100.0 | 100.0 |   N/A |   N/A | 100.0 | 106.5
       Dungeon | 100.0 | 100.0 |   N/A |   N/A | 100.0 | 106.5
               +-------+-------+-------+-------+-------+----------------------

Table legend: (Time is in decaauts)
 A = Elapsed time spent in this place.
 B = Non-inter-level travel time spent in this place.
 C = Inter-level travel time spent in this place.
 D = Time resting spent in this place.
 E = Time spent auto-exploring this place.
 F = Levels seen in this place.
 G = Mean time per level.
                   A        B        C        D        E       F      G
               +--------+--------+--------+--------+--------+-----+--------+
         Total |   1841 |   1823 |     18 |    155 |   1365 |   2 |  920.5 |
       Dungeon |   1841 |   1823 |     18 |    155 |   1365 |   2 |  920.5 |
               +--------+--------+--------+--------+--------+-----+--------+

Top non-repeatable levels by time:
     D:1: 1027 daAuts
     D:2: 813 daAuts
